 Dungeon Crawl Stone Soup version 0.29.1-15-g9cfb28693d (webtiles) character file.

Game seed: 11206138823453988465

2888 tizbic2 the Ruffian (level 9, -4/92 HPs)
             Began as an Ogre Transmuter on Apr 17, 2023.
             Was a Believer of Vehumet.
             Slain by Maggie
             ... wielding a +0 war axe of flaming
              (6 damage)
             ... on level 7 of the Dungeon.
             The game lasted 00:28:40 (7976 turns).

tizbic2 the Ruffian (Ogre Transmuter)               Turns: 7976, Time: 00:28:40

Health: -4/92      AC:  5    Str: 22    XL:     9   Next: 77%
Magic:  6/18       EV: 10    Int: 18    God:    Vehumet [**....]
Gold:   101        SH:  0    Dex:  9    Spells: 9/20 levels left

rFire   . . .      SeeInvis .     - Unarmed
rCold   + . .      Faith    .   n - orb {light}
rNeg    . . .      Spirit   .   C - +0 robe {rC+}
rPois   .          Reflect  .   (helmet currently unavailable)
rElec   .          Harm     .   i - +1 cloak
rCorr   .          Rampage  .   (gloves unavailable)
Will    +....                   (boots unavailable)
Stlth   +.........              (no amulet)
HPRegen 0.25/turn               e - ring of willpower
MPRegen 0.16/turn               k - +6 ring of strength

@: mighty, appendages, very slightly contaminated, glowing
A: horns 2, talons 2, large, unfitting armour, tough skin 1
a: End Transformation, Renounce Religion


You were on level 7 of the Dungeon.
You worshipped Vehumet.
Vehumet was pleased with you.
You had temporarily grown beastly horns and talons.
You visited 2 branches of the dungeon, and saw 8 of its levels.

You collected 215 gold pieces.
You spent 114 gold pieces at shops.

Inventory:

Hand Weapons
 w - a +3 sling
 y - a +2 dagger of chaos
Missiles
 v - 5 poisoned darts
 x - a curare-tipped dart
Armour
 i - a +1 cloak (worn)
 n - an orb of light (worn)
 C - a +0 robe of cold resistance (worn)
Jewellery
 e - a ring of willpower (left hand)
 k - a +6 ring of strength (right hand)
Wands
 g - a wand of digging (5)
 q - a wand of light (7)
 F - a wand of roots (6)
Scrolls
 f - a scroll of magic mapping
 m - a scroll of amnesia {unknown}
 o - 4 scrolls of teleportation
 r - a scroll of vulnerability {unknown}
 s - 2 scrolls of fog {unknown}
 t - 2 scrolls of torment {unknown}
 D - a scroll of immolation {unknown}
 E - 3 scrolls of noise {unknown}
 G - a scroll of poison {unknown}
Potions
 a - 2 potions of flight {unknown}
 b - 2 potions of lignification
 c - 3 potions of haste
 d - 2 potions of invisibility
 h - a potion of berserk rage
 j - 3 potions of cancellation
 l - 4 potions of attraction
 p - 4 potions of might
 u - 2 potions of resistance {unknown}
 z - a potion of ambrosia {unknown}
 A - 2 potions of magic
 B - 5 potions of curing


   Skills:
 + Level 6.4 Fighting
 + Level 4.7 Dodging
 * Level 7.0 Unarmed Combat
 * Level 6.2 Spellcasting
 + Level 0.8 Conjurations
 + Level 6.4 Transmutations
 + Level 0.7 Air Magic


You had 9 spell levels left.
You knew the following spells:

 Your Spells              Type           Power      Damage    Failure   Level
a - Beastly Appendage     Tmut           56%        N/A       1%          1
b - Spider Form           Tmut/Pois      17%        N/A       10%         3
c - Shock                 Conj/Air       32%        1d5       9%          1
d - Freeze                Ice            20%        1d4       12%         1
e - Lesser Beckoning      Tloc           5%         N/A       34%         3
f - Scorch                Fire           10%        2d5       19%         2

Your spell library contained the following spells:

 Spells                   Type           Power      Damage    Failure   Level
 Wereblood                Tmut           28%        N/A       1%          2
 Swiftness                Air            8%         N/A       26%         3
 Ice Form                 Ice/Tmut       17%        N/A       30%         4
 Gell's Gravitas          Tloc           5%         N/A       34%         3
 Teleport Other           Tloc           5%         N/A       34%         3
 Airstrike                Air            4%         2d(1-17)  63%         4


Dungeon Overview and Level Annotations

Branches:
Dungeon (7/15)             Temple (1/1) D:4

Altars:
Ashenzari
Dithmenos
Elyvilon
Gozag
Kikubaaqudgha
Makhleb
Nemelex Xobeh
Ru
Trog
Uskayaw
Vehumet
Xom
Yredelemnul
Zin

Shops:
D:5 ?[*=

Annotations:
D:3 1 runed translucent door, Imhoden's ghost, amateur DrIE
D:7 Maggie


Innate Abilities, Weirdness & Mutations

You have temporarily grown beastly horns and talons.
You are too large for most types of armour.
You have tough skin. (AC +1)


Message History

Confirm with . or Enter, or press ? or * to list all spells.
Flames lash Maggie.
Maggie is lightly wounded.
Maggie's fire resistance burns away.
Maggie closely misses you.
Casting: Scorch (safe; 19% risk of failure)
Confirm with . or Enter, or press ? or * to list all spells.
Flames lash Maggie.
Maggie is burned terribly!
Maggie is lightly wounded.
Maggie hits you with a +0 war axe of flaming.
Maggie burns you.
Casting: Scorch (safe; 19% risk of failure)
Confirm with . or Enter, or press ? or * to list all spells.
You miscast Scorch.
Nothing appears to happen.
Maggie gives herself a magical halo, but it quickly sputters out.
Maggie closely misses you.
Unknown command.
Casting: Scorch (safe; 19% risk of failure)
Confirm with . or Enter, or press ? or * to list all spells.
You miscast Scorch.
Nothing appears to happen.
Maggie hits you with a +0 war axe of flaming.
Maggie burns you.
* * * LOW HITPOINT WARNING * * *
Casting: Scorch (safe; 19% risk of failure)
Confirm with . or Enter, or press ? or * to list all spells.
You grow a pair of large bovine horns.
Your feet morph into talons.
Maggie says, "Fear not.
I will immortalize you in the tale of my first kill."
Maggie hits you with a +0 war axe of flaming!
* * * LOW HITPOINT WARNING * * *
Maggie burns you.
* * * LOW HITPOINT WARNING * * *
You feel very mighty all of a sudden.
Maggie hits you with a +0 war axe of flaming.
* * * LOW HITPOINT WARNING * * *
Maggie burns you.
* * * LOW HITPOINT WARNING * * *
You punch Maggie! Your kick misses Maggie.
You headbutt Maggie, but do no damage.
Maggie is moderately wounded.
Maggie hits you with a +0 war axe of flaming.
You die...

........#
#....#.#.######
####....# #..... #.#
#.#+## #....# #.# #.#
#....# #.#### #.#
#....###....# ####.#
#.........#.# ☼§○..#
#.).)...#.# # §°°..#
#.######@).......# .
.§§..#
#......@)...##...#######
####.#
#######.###............#
#.# ...# ###...##.....#
#<## #.### ###........#
#.)########. #.#.#<#.#
#####))......# #.#.#...#
...####..###.#
##.#.##..# .#.# ##.# #.#
#......... ##.#
###.###.# ####..)...


You could see Maggie (combustible).

Vanquished Creatures
  2 steam dragons (D:7)
  2 water moccasins
  3 black bears
  An orc warrior (D:7)
  A sky beast (D:7)
  An ogre (D:5)
  2 kobold brigands (D:7)
  3 bullfrogs
  7 necrophages
  3 scorpions
  8 wights
  A crimson imp (D:5)
  3 hounds
  2 gnoll boudas
  2 orc priests (D:7)
  2 iguanas
  3 orc wizards
  7 gnolls
  4 adders
  A white imp (D:6)
  4 worms
  3 dart slugs
  17 orcs
  6 bats
  5 endoplasms
  5 giant cockroaches
  7 goblins
  8 hobgoblins
  6 jackals (D:1)
  4 quokkas
  7 ball pythons
  5 kobolds
  4 rats
139 creatures vanquished.

Vanquished Creatures (others)
  An ufetubus (D:7)
  An orc (D:7)
  2 fungi (D:1)
4 creatures vanquished.

Grand Total: 143 creatures vanquished

Notes
Turn   | Place    | Note
-------+----------+-------------------------------------------
     0 | D:1      | tizbic2 the Ogre Transmuter began the quest for the Orb.
     0 | D:1      | Reached XP level 1. HP: 19/19 MP: 3/3
   267 | D:1      | Found a faded altar of an unknown god.
   367 | D:1      | Reached XP level 2. HP: 27/28 MP: 3/5
   519 | D:1      | Reached skill level 3 in Unarmed Combat
   655 | D:1      | Reached XP level 3. HP: 17/35 MP: 5/7
  1171 | D:2      | Learned a level 3 spell: Spider Form
  1602 | D:2      | Reached XP level 4. HP: 38/42 MP: 6/8
  2161 | D:3      | Found a runed translucent door.
  2161 | D:3      | Noticed Imhoden's ghost (amateur DrIE)
  2408 | D:4      | Found a glowing silver altar of Zin.
  2432 | D:4      | Found a staircase to the Ecumenical Temple.
  2458 | D:4      | Reached XP level 5. HP: 50/50 MP: 7/9
  2513 | Temple   | Entered the Ecumenical Temple
  2739 | Temple   | Became a worshipper of Vehumet
  2765 | Temple   | Learned a level 1 spell: Shock
  2773 | D:4      | Identified the +5 ring mail "Gecrelin" {rC+ Will++}
  3068 | D:4      | Noticed a black bear
  3082 | D:4      | Killed a black bear
  3083 | D:4      | Reached skill level 4 in Unarmed Combat
  3083 | D:4      | Reached XP level 6. HP: 27/61 MP: 3/11
  3274 | D:5      | Entered Level 5 of the Dungeon
  3505 | D:5      | Reached XP level 7. HP: 52/67 MP: 12/12
  3918 | D:5      | Found Neant's Magic Scroll Emporium.
  3921 | D:5      | Bought a scroll of identify for 24 gold pieces
  3921 | D:5      | Bought a scroll of identify for 24 gold pieces
  4128 | D:5      | Found Zuorew's Jewellery Shop.
  4135 | D:5      | Found a burning altar of Makhleb.
  4135 | D:5      | Found a shimmering altar of Xom.
  4832 | D:5      | Found Silumitt's General Store.
  4840 | D:5      | Bought 2 potions of curing for 66 gold pieces
  4856 | D:5      | Reached skill level 5 in Unarmed Combat
  4867 | D:5      | Reached XP level 8. HP: 7/77 MP: 12/14
  5323 | D:5      | Reached * piety under Vehumet
  5323 | D:5      | Offered knowledge of Freeze by Vehumet.
  5327 | D:5      | Learned a level 1 spell: Freeze
  5478 | D:5      | Found Sujevvof's Antique Armour Shoppe.
  5798 | D:6      | Reached skill level 5 in Transmutations
  5839 | D:6      | Reached skill level 5 in Fighting
  5898 | D:6      | Reached skill level 5 in Spellcasting
  6130 | D:6      | Reached skill level 6 in Unarmed Combat
  6227 | D:6      | Reached XP level 9. HP: 34/88 MP: 15/17
  6865 | D:7      | HP: 3/89 [something] (7)]
  7735 | D:7      | Learned a level 3 spell: Lesser Beckoning
  7953 | D:7      | Reached ** piety under Vehumet
  7953 | D:7      | Offered knowledge of Scorch by Vehumet.
  7956 | D:7      | Reached skill level 7 in Unarmed Combat
  7960 | D:7      | Noticed Maggie
  7962 | D:7      | Learned a level 2 spell: Scorch
  7975 | D:7      | HP: 2/92 [Maggie/+0 war axe of flaming (3)]
  7976 | D:7      | Slain by Maggie

Illustrated notes

Levels and vault maps discovered:
D:1:      shiori_arrival_whats_in_store_for_you, layout_basic,
          dreamdust_ecumenical_altar_grove, hangedman_abyss_or_decor_stabs
D:2:      layout_rooms
D:3:      layout_rooms, hellmonk_ghost_happy_afterlife
D:4:      layout_rooms, mainiacjoe_overflow_tiny_flanked,
          minmay_temple_entry_waves
D:5:      layout_basic, grunt_temple_overflow_champion_of_chaos,
          serial_corexii_hall, corexii_hall_statues_x, corexii_hall_statues_i,
          serial_shops, nicolae_shop_window_shopping, shop, shop,
          nicolae_lakefront_shop
D:6:      layout_gridville, st_stairs_13, dreamdust_princess_corridor
D:7:      layout_basic, gammafunk_ghost_necromancy, lemuel_flame_loot_1,
          uniq_maggie
Temple:   grunt_temple_mini_profane

Skill      XL: |  1  2  3  4  5  6  7  8  9 |
---------------+----------------------------+-----
Dodging        | 2 3 4 |  4.7
Unarmed Combat | 3 4 5 6 7 |  7.0
Transmutations | 2 3 4 5 6 |  6.4
Fighting       | 2 3 4 5 6 |  6.4
Spellcasting   | 3 4 5 6 |  6.2
Conjurations   | |  0.8
Air Magic      | |  0.7

Action                   |  1- 3 |  4- 6 |  7- 9 || total
-------------------------+-------+-------+-------++-------
Melee: Unarmed           |   116 |   107 |   220 ||   443
       Kick              |    22 |    24 |    86 ||   132
       Headbutt          |    12 |    11 |    47 ||    70
       Punch             |     2 |       |       ||     2
 Fire: Sling             |       |    11 |       ||    11
 Cast: Beastly Appendage |    19 |    16 |    29 ||    64
       Shock             |       |    10 |     4 ||    14
       Spider Form       |       |     1 |     1 ||     2
       Scorch            |       |       |     2 ||     2
       Freeze            |       |       |     1 ||     1
  Use: Scroll            |     2 |     9 |     7 ||    18
       Potion            |       |       |     3 ||     3
Armor: Robe              |    49 |    34 |    50 ||   133
       Skin              |       |     2 |     2 ||     4
Dodge: Dodged            |    64 |    67 |   114 ||   245
